 Dungeon Crawl Stone Soup version 0.32-a0-871-ge202e49faa (webtiles) character file.

Game seed: 9874083885321769571

17255 MachoJfn the Cleaver (level 12, -6/95 HPs)
             Began as a Formicid Fighter on Mar 28, 2024.
             Was a High Priest of the Shining One.
             Mangled by Rupert
             ... wielding a +3 battleaxe of distortion
              (13 damage)
             ... on level 11 of the Dungeon on Mar 29, 2024.
             The game lasted 00:37:24 (15336 turns).

MachoJfn the Cleaver (Formicid Fighter)            Turns: 15336, Time: 00:37:24

Health: -6/95      AC: 16    Str: 26    XL:     12   Next: 80%
Magic:  0/13       EV: 10    Int:  8    God:    the Shining One [*****.]
Gold:   682        SH:  0    Dex: 19    Spells: 11/11 levels left

rFire   . . .        r - +3 battleaxe
rCold   . . .        f - +0 kite shield
rNeg    + + .        R - +0 chain mail
rPois   .            (helmet unavailable)
rElec   .            o - +2 cloak {rCorr}
rCorr   +            v - +0 pair of gloves
SInv    +            (no boots)
Will    ++...        O - amulet of guardian spirit Stlth
                     i - ring of willpower
HPRegen 0.35/turn    M - +6 ring of dexterity
MPRegen 0.13/turn

%: guardian spirit
@: confused, mighty, divinely shielded, ambrosia-drunk, glowing
A: permanent stasis, dig shafts and tunnels, antennae 3, four strong arms
a: Dig, Shaft Self, Renounce Religion, Divine Shield, Cleansing Flame, Summon
Divine Warrior


You were on level 11 of the Dungeon.
You worshipped the Shining One.
The Shining One was extremely pleased with you.
You visited 1 branch of the dungeon, and saw 12 of its levels.
You also visited: Sewer.

You collected 682 gold pieces.

Inventory:

Hand Weapons
 a - a +0 war axe
 n - a +0 scythe
 r - a +3 battleaxe (weapon)
 y - a +0 giant spiked club
 S - a +2 hand axe of venom
Missiles
 l - 12 poisoned darts
 m - 103 stones
 A - 3 atropa-tipped darts
 D - 6 boomerangs
 E - 2 datura-tipped darts
 I - 2 throwing nets
 Q - 10 large rocks
Armour
 f - a +0 kite shield (worn)
 o - a +2 cloak of preservation (worn)
 v - a +0 pair of gloves (worn)
 L - a +1 ring mail of cold resistance
 R - a +0 chain mail (worn)
Jewellery
 b - an amulet of reflection
 c - a ring of positive energy
 e - an amulet of the acrobat
 i - a ring of willpower (left hand)
 M - a +6 ring of dexterity (right hand)
 O - an amulet of guardian spirit (around neck)
Wands
 q - a wand of charming (16)
 C - a wand of flame (38)
Scrolls
 d - 3 scrolls of identify
 g - 2 scrolls of revelation
 h - 3 scrolls of poison
 t - 4 scrolls of fear
 B - 4 scrolls of teleportation
 J - 4 scrolls of vulnerability
 N - a scroll of summoning
Potions
 j - 3 potions of cancellation
 k - 2 potions of degeneration
 p - 2 potions of might
 u - 3 potions of resistance
 w - 2 potions of ambrosia
 x - 2 potions of mutation
 z - 3 potions of curing
 F - a potion of berserk rage {unknown}
 G - a potion of lignification {unknown}
 H - a potion of haste {unknown}
 P - a potion of brilliance {unknown}


   Skills:
 + Level 9.3 Fighting
 + Level 14.0 Axes
 + Level 9.5 Armour
 + Level 4.8 Dodging
 - Level 1.0 Stealth
 + Level 10.0 Shields
 * Level 2.1 Invocations


You had 11 spell levels left.
You didn't know any spells.
Your spell library contained the following spells:

 Spells                   Type           Power      Damage    Failure   Level
 Magic Dart               Conj           0%         1d3       96%         1
 Call Imp                 Summ           0%         N/A       99%         2
 Cigotuvi's Dreadful Rot  Necr/Alch/Air  0%         N/A       99%         2
 Ensorcelled Hibernation  Hex/Ice        0%         N/A       99%         2
 Static Discharge         Conj/Air       0%         3-3/arc   99%         2
 Sublimation of Blood     Necr           0%         N/A       99%         2
 Dazzling Flash           Conj/Hex       0%         N/A       100%        3
 Frozen Ramparts          Ice            0%         1d1       100%        3
 Fugue of the Fallen      Necr           0%         N/A       100%        3
 Inner Flame              Hex/Fire       0%         N/A       100%        3
 Ozocubu's Armour         Ice            0%         N/A       100%        3
 Passwall                 Erth           0%         N/A       100%        3
 Teleport Other           Tloc           0%         N/A       100%        3
 Volatile Blastmotes      Fire/Tloc      0%         2d10      100%        3
 Airstrike                Air            0%         2d(0-16)  100%        4
 Anguish                  Hex/Necr       0%         N/A       100%        4
 Dispel Undead            Necr           0%         3d6       100%        4
 Flame Wave               Conj/Fire      0%         2d4       100%        4
 Leda's Liquefaction      Alch/Erth      0%         N/A       100%        4
 Martyr's Knell           Necr/Summ      0%         N/A       100%        4
 Petrify                  Alch/Erth      0%         N/A       100%        4
 Sticky Flame             Fire/Alch      0%         2d4       100%        4
 Summon Lightning Spire   Summ/Air       0%         N/A       100%        4
 Metabolic Englaciation   Hex/Ice        0%         N/A       100%        5
 Bombard                  Conj/Erth      0%         9d1       100%        6
 Dispersal                Tloc           0%         N/A       100%        6
 Gell's Gavotte           Tloc           0%         2d(11-16) 100%        6
 Starburst                Conj/Fire      0%         6d3       100%        6
 Summon Hydra             Summ           0%         N/A       100%        7
 Maxwell's Capacitive Co  Air            0%         ∞         100%        8
 Blink                    Tloc           Unusable   N/A       N/A         2
 Vhi's Electric Charge    Tloc/Air       Unusable   N/A       N/A         4

Dungeon Overview and Level Annotations

Branches:
Dungeon (12/15)            Temple (0/1) D:7            Lair (0/5) D:9
  Sewer (visited)
    Orc: D:9-12

Altars:
Cheibriados
Elyvilon
Fedhas
Hepliaklqana
Makhleb
Okawaru
Qazlal
Sif Muna
Trog
Xom
Yredelemnul
The Shining One
Beogh
Jiyva

Annotations:
D:3 3 runed translucent doors, Spacecowgir2's ghost, amateur GrHu
D:5 3 runed translucent doors, JoadsterXIII's ghost, novice FoFi
D:9 2 transporters
D:10 3 runed translucent doors, tinescath's ghost, journeyman GrEE
D:11 Rupert


Innate Abilities, Weirdness & Mutations

You cannot be hasted, slowed, berserked, paralysed or teleported.
You can dig through walls and to a lower floor.
You have a pair of large antennae on your head. (SInv)
Your four strong arms can wield two-handed weapons with a shield.


Message History

Press: ? - help, Dir - look around, f - activate The golden flame engulfs you but does no damage.
You resist.
The golden flame engulfs Rupert but does no damage.
Rupert is lightly wounded.
You block Rupert's attack.
You feel very mighty all of a sudden.
Rupert roars madly and goes into a rage!
Rupert goes berserk!
You completely miss Rupert.
Rupert is lightly wounded.
You block Rupert's attack.
Rupert hits you with a +3 battleaxe of distortion.
Space warps horribly around you!!
You slash Rupert!
Rupert is lightly wounded.
You block Rupert's attack.
You slice Rupert!!
Rupert is moderately wounded.
Rupert hits you with a +3 battleaxe of distortion!
Space warps around you.
* * * LOW HITPOINT WARNING * * *
You block Rupert's attack.
You barely miss Rupert.
Rupert is moderately wounded.
Rupert closely misses you.
Rupert hits you with a +3 battleaxe of distortion!!
* * * LOW HITPOINT WARNING * * *
You feel much better. You block Rupert's attack.
You are confused.
You feel invigorated.
Rupert hits you with a +3 battleaxe of distortion!
* * * LOW HITPOINT WARNING * * *
Space warps horribly around you!
* * * LOW HITPOINT WARNING * * *
Rupert hits you with a +3 battleaxe of distortion.
* * * LOW HITPOINT WARNING * * *
Space warps horribly around you!
You die...
Rupert roars with triumph.

....~~## #.# #........#
..~~~#########.###.######.###
~~~###.#....)..)[......##.#.##
#### #.#.###..[.)......##....#
.#####.#.####..........####.##
.##..........#.........# #.#
.##.##.#.###...........# #.#
.......#.# ###..@......# #.#
###.####.#####..@......# #.# #.#
#...............# #.# ###.##
#####...........####.# #.††.##
##....)..######.##.#####
#.#...####.........####.........#
.........+.........'........###.#
#.#...####.........####...#.# #.#
#....## ##.......## ##.##<# #.#
###.## ##.....## #.#..# #.#


You could see Rupert (berserk).

Vanquished Creatures
  A centaur warrior (D:8)
  5 two-headed ogres
  A boulder beetle (D:11)
  Pikel (D:3)
  2 cyclopes (D:11)
  A rust devil (D:11)
  An unseen horror (D:10)
  A kobold demonologist (D:11)
  3 trolls
  A hornet (D:10)
  Sigmund (D:2)
  2 shadows
  2 wraiths (D:10)
  3 wyverns (D:8)
  23 yaks
  Eustachio (D:4)
  3 steam dragons
  2 water moccasins (D:8)
  Pargi (Sewer)
  2 orc warriors
  4 ice beasts
  A black bear (D:6)
  2 ogres
  4 centaurs
  2 phantoms (D:6)
  3 lemures (D:3)
  A kobold brigand (D:9)
  A brain worm (Sewer)
  Blork the orc (D:5)
  2 bullfrogs
  4 gnoll sergeants
  5 scorpions
  15 wights
  16 killer bees
  An electric eel (D:11)
  3 howler monkeys (D:9)
  A bombardier beetle (D:4)
  6 hounds
  6 orc priests
  A gnoll bouda (D:8)
  A jelly (D:4)
  6 iguanas
  Crazy Yiuf (D:2)
  Jessica (D:3)
  13 orc wizards
  Natasha (thrice) (D:2)
  20 gnolls
  6 adders
  3 white imps
  5 ufetubi
  3 ribbon worms
  A dart slug (D:4)
  21 orcs
  4 bats
  5 endoplasms
  5 giant cockroaches
  16 goblins
  9 hobgoblins
  5 quokkas
  8 ball pythons
  7 frilled lizards
  10 kobolds
  4 rats
293 creatures vanquished.

Vanquished Creatures (others)
  2 orcs (D:7)
2 creatures vanquished.

Grand Total: 295 creatures vanquished

Notes
Turn   | Place    | Note
-------+----------+-------------------------------------------
     0 | D:1      | MachoJfn the Formicid Fighter began the quest for the Orb.
     0 | D:1      | Reached XP level 1. HP: 18/18 MP: 1/1
   198 | D:1      | Reached XP level 2. HP: 22/24 MP: 2/2
   379 | D:1      | Found a faded altar of an unknown god.
   388 | D:1      | Prayed at the altar of an unknown god.
   388 | D:1      | Became a worshipper of the Shining One
   388 | D:1      | Reached * piety under the Shining One
   818 | D:2      | Noticed Sigmund
   822 | D:2      | Reached XP level 3. HP: 29/29 MP: 3/3
   828 | D:2      | Killed Sigmund
   829 | D:2      | Reached skill level 3 in Axes
   829 | D:2      | Reached skill level 5 in Shields
   829 | D:2      | Reached XP level 4. HP: 19/37 MP: 0/4
   829 | D:2      | Reached XP level 5. HP: 22/42 MP: 0/5
   947 | D:2      | Found a runed translucent door.
   948 | D:2      | Noticed Crazy Yiuf
   961 | D:2      | Killed Crazy Yiuf
   962 | D:2      | Reached skill level 4 in Axes
   962 | D:2      | Reached XP level 6. HP: 13/48 MP: 6/6
  1537 | D:2      | Noticed Natasha
  1539 | D:2      | Killed Natasha
  1593 | D:2      | Noticed Natasha
  1601 | D:2      | Killed Natasha
  1715 | D:2      | Noticed Natasha
  1721 | D:2      | Killed Natasha
  2095 | D:3      | Noticed Jessica
  2103 | D:3      | Killed Jessica
  2104 | D:3      | Reached XP level 7. HP: 25/53 MP: 7/7
  2570 | D:3      | Found a runed translucent gate.
  2570 | D:3      | Found a runed translucent gate.
  2571 | D:3      | Found a runed translucent gate.
  2573 | D:3      | Noticed Spacecowgir2's ghost (amateur GrHu)
  2602 | D:3      | Reached skill level 5 in Armour
  2612 | D:3      | Reached skill level 5 in Axes
  2615 | D:3      | Reached skill level 1 in Dodging
  2988 | D:4      | Found a glowing drain.
  3004 | Sewer    | Entered a sewer
  3028 | Sewer    | Noticed Pargi
  3028 | Sewer    | Reached ** piety under the Shining One
  3036 | Sewer    | Killed Pargi
  3524 | D:4      | Reached XP level 8. HP: 41/61 MP: 8/8
  3662 | D:4      | Reached skill level 6 in Axes
  4058 | D:4      | Noticed Eustachio
  4081 | D:4      | Killed Eustachio
  4082 | D:4      | Reached skill level 5 in Fighting
  4082 | D:4      | Reached skill level 1 in Stealth
  4227 | D:4      | Noticed Pikel
  4309 | D:3      | Killed Pikel
  4310 | D:3      | Reached skill level 7 in Axes
  4310 | D:3      | Reached XP level 9. HP: 24/68 MP: 9/9
  4522 | D:5      | Entered Level 5 of the Dungeon
  5128 | D:5      | Reached skill level 8 in Axes
  5394 | D:5      | Found a runed translucent gate.
  5394 | D:5      | Noticed JoadsterXIII's ghost (novice FoFi)
  5398 | D:5      | Found a runed translucent gate.
  5459 | D:5      | Found a runed translucent gate.
  5548 | D:5      | Upgraded the game from 0.32-a0-868-g153ae1a8d6 to
                  | 0.32-a0-871-ge202e49faa
  5619 | D:5      | Noticed Blork the orc
  5625 | D:5      | Killed Blork the orc
  5813 | D:5      | Found a blossoming altar of Fedhas.
  6211 | D:6      | Found an iron altar of Okawaru.
  6662 | D:6      | Reached skill level 9 in Axes
  6723 | D:6      | Reached XP level 10. HP: 77/77 MP: 10/10
  6788 | D:6      | Found a snail-covered altar of Cheibriados.
  6791 | D:6      | Found a basalt altar of Yredelemnul.
  6996 | D:6      | Found a hazy altar of Hepliaklqana.
  7144 | D:6      | Reached *** piety under the Shining One
  7374 | D:7      | Reached skill level 1 in Invocations
  7796 | D:7      | Found a bloodstained altar of Trog.
  7839 | D:7      | Found a staircase to the Ecumenical Temple.
  7865 | D:7      | Found a white marble altar of Elyvilon.
  8146 | D:7      | Reached skill level 10 in Axes
  8477 | D:7      | Found a stormy altar of Qazlal.
  8839 | D:8      | Found a burning altar of Makhleb.
  9007 | D:8      | Noticed a centaur warrior
  9020 | D:8      | Killed a centaur warrior
 10109 | D:8      | Reached skill level 11 in Axes
 10109 | D:8      | Reached XP level 11. HP: 76/84 MP: 11/11
 10133 | D:9      | Reached **** piety under the Shining One
 10645 | D:9      | Found a staircase to the Lair.
 10701 | D:9      | Found a shimmering blue altar of Sif Muna.
 10737 | D:9      | Found a shimmering altar of Xom.
 10746 | D:9      | Found a viscous altar of Jiyva.
 10746 | D:9      | Found a shimmering altar of Xom.
 10747 | D:9      | Found a shimmering altar of Xom.
 10747 | D:9      | Found a shimmering altar of Xom.
 10843 | D:9      | Found a transporter.
 10848 | D:9      | Found a transporter.
 11214 | D:9      | Reached skill level 12 in Axes
 11869 | D:10     | Entered Level 10 of the Dungeon
 11892 | D:10     | Found a runed translucent gate.
 11892 | D:10     | Found a runed translucent gate.
 11892 | D:10     | Found a runed translucent gate.
 11897 | D:10     | Identified the +3 chain mail "Jaleal" {Will+ SInv}
 11908 | D:10     | Noticed tinescath's ghost (journeyman GrEE)
 11940 | D:10     | Noticed a two-headed ogre
 11942 | D:10     | Noticed a two-headed ogre
 11957 | D:9      | Killed a two-headed ogre
 12183 | D:10     | Killed a two-headed ogre
 12604 | D:10     | Reached XP level 12. HP: 83/94 MP: 13/13
 12874 | D:10     | Found a roughly hewn altar of Beogh.
 12997 | D:10     | Reached ***** piety under the Shining One
 13002 | D:10     | Reached skill level 13 in Axes
 14370 | D:11     | Identified the +2 helmet "Gehyen" {Regen+ Str-4 Int+5}
 14477 | D:11     | Noticed a two-headed ogre
 14481 | D:11     | Killed a two-headed ogre
 14642 | D:11     | Noticed a boulder beetle
 14667 | D:11     | Killed a boulder beetle
 15143 | D:12     | Noticed a two-headed ogre
 15151 | D:12     | Killed a two-headed ogre
 15162 | D:12     | Noticed a two-headed ogre
 15170 | D:12     | Killed a two-headed ogre
 15170 | D:12     | Noticed Rupert
 15171 | D:12     | Reached skill level 10 in Shields
 15188 | D:11     | Reached skill level 14 in Axes
 15334 | D:11     | HP: 2/95 [Rupert/+3 battleaxe of distortion (22)]
 15336 | D:11     | Mangled by Rupert

Illustrated notes

Levels and vault maps discovered:
D:1:      nicolae_arrival_washed_ashore, layout_basic,
          shapermc_ecumenical_altar_mp_highgroup
D:2:      layout_loops_ring, minivault_19, minmay_close_crescents, uniq_sigmund,
          uniq_natasha, uniq_crazy_yiuf_cottage
D:3:      layout_loops_ring, gammafunk_ghost_necromancy, uniq_jessica
D:4:      layout_loops_corners, portal_sewer_entry_f, uniq_pikel, uniq_eustachio
D:5:      layout_loops_ring, marbit_many_paths, gammafunk_ghost_nasty_kobolds,
          hangedman_glass_teeth, uniq_blork_the_orc
D:6:      layout_loops_ring, mainiacjoe_overflow_tiny_flanked,
          mainiacjoe_overflow_alcove_4, general_overflow_altar,
          nicolae_overflow_crystal_walls, minmay_misc_feat_enclosed,
          minmay_ogre_servants
D:7:      layout_loops_ring, nicolae_qazlal_scattered_showers,
          nicolae_overflow_hidden_temple, lemuel_tele_altar,
          minmay_temple_entry_tees, serial_co_window_serial,
          co_window_of_opportunity_a, co_window_of_opportunity_a,
          co_window_paths_b, co_window_of_opportunity_a,
          co_window_of_opportunity_a, co_window_corner_cb, co_window_2corner,
          co_window_unsneaky_path_e, co_window_sun, co_window_paths_d,
          glass_columns_a, glass_columns_a, glass_columns_a, glass_columns_a
D:8:      layout_cave_pods, lightli_temple_of_fire, serial_ice, serial_ice_d,
          serial_ice_b, serial_ice_g, serial_ice_l
D:9:      gammafunk_jiyva_shrine, layout_irregular_city, xom_shifter_show,
          mainiacjoe_overflow_cross_hatched, minmay_lair_entry_grove
D:10:     layout_basic, biasface_ghost_orc_armoury, serial_rivers,
          chequers_serial_rivers_room_b, chequers_serial_rivers_room_a,
          chequers_serial_rivers_large_b, chequers_serial_rivers_small_b,
          chequers_serial_rivers_micro_e, chequers_serial_rivers_large_a,
          minmay_diced_spiral
D:11:     layout_loops_corners, kennysheep_potato
D:12:     layout_irregular_city, minmay_orc_entry_temple_small, enter_trove_1,
          serial_demonic, serial_demonic_c, serial_demonic_e, serial_demonic_f,
          serial_demonic_c, nicolae_transmutations_shop, abandoned_shop,
          uniq_rupert

Skill      XL: |  1  2  3  4  5  6  7  8  9 10 11 12 |
---------------+-------------------------------------+-----
Axes           | 3 4 5 7 9 11 12 14 | 14.0
Armour         | 4 5 6 7 8 9 |  9.5
Shields        | 5 6 7 9 10 | 10.0
Fighting       | 4 5 6 7 8 9 |  9.3
Dodging        | 1 2 3 4 |  4.8
Stealth        | 1 |  1.0
Invocations    | 1 2 |  2.1

Action                     |  1- 3 |  4- 6 |  7- 9 | 10-12 || total
---------------------------+-------+-------+-------+-------++-------
  Melee: War axe           |    60 |    88 |   260 |    14 ||   422
         Battleaxe         |       |       |       |   379 ||   379
 Invoke: Divine Shield     |     1 |       |     2 |     5 ||     8
         Cleansing Flame   |       |       |       |     2 ||     2
    Use: Potion            |       |     2 |     2 |     4 ||     8
         Scroll            |       |     5 |     9 |     7 ||    21
 Armour: Scale mail        |    30 |    81 |   216 |   239 ||   566
         Ring mail         |       |       |       |    43 ||    43
         Chain mail        |       |       |       |    64 ||    64
  Dodge: Dodged            |    27 |    32 |   175 |   245 ||   479
  Block: Buckler           |    22 |    17 |    88 |       ||   127
         Kite shield       |       |       |    16 |   341 ||   357

Table legend: (Time is in decaauts)
 A = Elapsed time spent in this place.
 B = Non-inter-level travel time spent in this place.
 C = Inter-level travel time spent in this place.
 D = Time resting spent in this place.
 E = Time spent auto-exploring this place.
 F = Levels seen in this place.
 G = Mean time per level.
                   A        B        C        D        E       F      G
               +--------+--------+--------+--------+--------+-----+--------+
         Total |  15617 |  14193 |   1424 |   4611 |   7104 |  13 | 1201.3 |
       Dungeon |  15306 |  13882 |   1424 |   4516 |   7002 |  12 | 1275.5 |
         Sewer |    311 |    311 |      0 |     95 |    101 |   1 |  311.0 |
               +--------+--------+--------+--------+--------+-----+--------+

Top non-repeatable levels by time:
    D:11: 1839 daAuts
     D:8: 1828 daAuts
     D:9: 1673 daAuts
     D:7: 1510 daAuts
     D:5: 1480 daAuts
     D:6: 1350 daAuts
     D:3: 1286 daAuts
    D:10: 1237 daAuts
     D:4: 1186 daAuts
     D:2: 1043 daAuts
     D:1: 827 daAuts
   Sewer: 311 daAuts
    D:12: 42 daAuts
